 Dungeon Crawl Stone Soup version 0.15-a0-271-g6095dc6 (webtiles) character file.

4929 PolkaDot the Summoner (level 10, 22/63 HPs)
             Began as a Vampire Summoner on Apr 28, 2014.
             Was a Follower of Makhleb.
             Quit the game on Level 11 of the Dungeon.
             The game lasted 01:00:02 (9559 turns).

PolkaDot the Summoner (Vampire Summoner)            Turns: 9559, Time: 01:00:02

HP  22/63        AC  9     Str  7      XL: 10   Next: 18%
MP   2/20        EV 11     Int 18      God: Makhleb [*.....]
Gold 368         SH  7     Dex 14      Spells:  5 memorised,  4 levels left

rFire  . . .     SeeInvis +     j - +1 cutlass
rCold  + + .     Clarity  .     a - +2 robe
rNeg   + + .     Conserve .     l - +0 buckler (curse)
rPois  +         rCorr    .     f - +0 helmet
rElec  .         rRot     +     e - +2 cloak
SustAb . .       Spirit   .     (no gloves)
rMut   .         Warding  .     (no boots)
Saprov . . .     Stasis   .     (no amulet)
MR     +....                    t - ring of protection from cold
                                g - +1 ring of protection

@: regenerating slowly, very slightly contaminated, slowed, very slow, somewhat
resistant to hostile enchantments, stealthy
A: bottle blood, fangs 3, see invisible, dopey 1, (screaming 0), unbreathing
a: Bat Form, Bottle Blood, Renounce Religion


You were on level 11 of the Dungeon.
You worshipped Makhleb.
Makhleb was aware of your devotion.
You were very thirsty.

You visited 2 branches of the dungeon, and saw 12 of its levels.

You collected 417 gold pieces.
You spent 49 gold pieces at shops.

Inventory:

Hand weapons
 j - a +1,+1 cutlass (weapon)
Armour
 a - a +2 robe (worn)
 e - a +2 cloak (worn)
 f - a +0 helmet (worn)
 l - a cursed +0 buckler (worn)
Magical devices
 k - a wand of enslavement (3)
 r - a wand of slowing (8)
 u - a wand of fireball (3)
 v - a wand of disintegration (5) {unknown}
 y - a wand of draining (8)
Scrolls
 d - a scroll of noise
 h - 2 scrolls of blinking
 i - a scroll of enchant armour
 n - a scroll of torment
 o - a scroll of magic mapping
 s - 3 scrolls of remove curse
 w - a scroll of amnesia
 x - 3 scrolls of identify
 z - 2 scrolls of enchant weapon I
 B - a scroll of teleportation
Jewellery
 g - a +1 ring of protection (left hand)
 t - a ring of protection from cold (right hand)
Potions
 c - a potion of heal wounds
 m - 2 potions of lignification
 p - a potion of resistance
 q - 2 potions of restore abilities
 A - 2 potions of paralysis {!q}
 F - a potion of berserk rage
Books
 b - a book of Callings

   Spells                             Type                      Level
   *Summon Small Mammal               Summoning                    1
   *Call Imp                          Summoning                    2
   *Call Canine Familiar              Summoning                    3
   Summon Guardian Golem              Hexes/Summoning              4
   Summon Lightning Spire             Summoning/Air                4
   *Summon Ice Beast                  Ice/Summoning                4
 D - a book of Party Tricks

   Spells                             Type                      Level
   Summon Butterflies                 Summoning                    1
   Apportation                        Translocation                1
   *Blink                             Translocation                2
   Alistair's Intoxication            Transmutation/Poison         4
   Tukima's Dance                     Hexes                        5


   Skills:
 - Level 2.1 Dodging
 - Level 3.0 Stealth
 - Level 0.1 Shields
 + Level 3.8 Spellcasting
 * Level 14.3 Summonings


You had 4 spell levels left.
You knew the following spells:

 Your Spells              Type           Power        Failure   Level  Hunger
a - Summon Small Mammal   Summ           ####         1%          1    None
d - Call Canine Familiar  Summ           ######..     1%          3    ###....
f - Summon Ice Beast      Ice/Summ       ####....     12%         4    ####...
q - Blink                 Tloc           N/A          30%         2    ##.....
s - Call Imp              Summ           ######..     1%          2    ##.....


Dungeon Overview and Level Annotations

Branches:
Dungeon (11/15)            Temple (1/1) D:7             Orc (0/4) D:11
   Lair: D:8-11

Altars:
Ashenzari
Cheibriados
Dithmenos
Elyvilon
Fedhas
Kikubaaqudgha
Makhleb
Nemelex Xobeh
Okawaru
Sif Muna
Trog
Vehumet
Xom
Yredelemnul
Zin
The Shining One
Lugonu

Shops:
D:4 (*:   D:5 :(   D:6 (

Annotations:
D:8 Grum


Innate Abilities, Weirdness & Mutations

You heal slowly.
You can bottle blood from corpses.
You have razor-sharp teeth.*
You have supernaturally acute eyesight.
You can survive without breathing.*
You are dopey. (Int -2)
((You occasionally shout uncontrollably.))+


Message History

The orc zaps a wand.
You resist with almost no effort.
The orc shouts!
The orc wizard mumbles some strange words.
The orc wizard seems to speed up.
Found a potion of haste.
Casting: Call Canine Familiar
Confirm with . or Enter, or press ? or * to list all spells.
* * * LOW MAGIC WARNING * * *
The orc wizard mumbles some strange words.
The orc wizard blinks!
The orc wizard casts a spell.
The orc wizard blinks!
The cyan ugly thing engulfs you but does no damage.
The orc zaps a wand.
You feel yourself slow down.
A hobgoblin comes into view. It is wielding a club.
The orc wizard gestures wildly while chanting.
The orc wizard seems to speed up.
The orc zaps a wand.
You resist with almost no effort.
Your wolf bites the cyan ugly thing.
The cyan ugly thing completely misses you.
Are you sure you want to abandon this character and quit the game? (Confirm with "yes".)

###### ### # ##.#..# #.#
#.# ###. #...###.# .!.#
#..###..##..h###....#.#
###...#.....oo.u@.....Z#
#.#...................#..
.##.........o.....$.....
.##....................g
..<#)..........o........
..#.....(.....o........
.............ยง..Z.....
....((...............
..................
..)............


You could see a cyan ugly thing, an orc warrior, 2 orc wizards, 2 orcs, a
centaur zombie (dormant), a hobgoblin (sleeping), a cyclops skeleton and a
friendly wolf.

Vanquished Creatures
  3 wolves (D:8)
  An orc warrior (D:9)
  A phantom (D:8)
  2 ogres
  2 scorpions (D:5)
  2 crimson imps
  A big fish (D:3)
  3 iguanas
  2 orc wizards (D:6)
  3 worker ants
  Ijyb (D:7)
  5 adders
  A giant mite (D:5)
  An inept item mimic (D:2)
  An orc skeleton (D:7)
  A giant eyeball (D:4)
  An ooze (D:2)
  17 orcs
  7 bats
  14 hobgoblins
  15 kobolds
  6 quokkas
  2 ball pythons
  4 giant cockroaches
  8 giant geckos
  3 giant newts
  16 goblins
  A hobgoblin zombie (D:8)
  5 jackals
  8 rats
137 creatures vanquished.

Vanquished Creatures (collateral kills)
  Pikel (D:7)
  A cyclops (D:11)
  A komodo dragon (D:11)
  Grinder (D:6)
  A spriggan (D:8)
  2 deep elf magi
  A hungry ghost (D:9)
  7 yaks
  Eustachio (D:4)
  A wolf (D:8)
  A hippogriff (D:9)
  A hill giant zombie (D:7)
  3 ugly things (D:11)
  An orc warrior (D:10)
  A sky beast (D:11)
  3 phantoms
  3 ogres
  A manticore zombie (D:8)
  3 slaves (D:7)
  Sigmund (D:2)
  3 centaurs
  A giant frog (D:8)
  2 jellies (D:6)
  A troll zombie (D:11)
  6 killer bees (D:9)
  2 crimson imps
  A black bear zombie (D:9)
  Crazy Yiuf (D:7)
  2 orc priests
  3 orc wizards (D:9)
  2 iguanas
  3 worker ants
  An ogre zombie (D:9)
  11 adders
  9 gnolls
  A gnoll skeleton (D:5)
  2 orc skeletons
  3 worms
  An adder skeleton (D:6)
  A giant gecko (D:1)
  An ooze (D:1)
  18 orcs
  A giant cockroach (D:4)
  4 hobgoblins
  3 kobolds
  A quokka (D:10)
  A ball python (D:4)
  11 bats
  A giant newt (D:2)
  3 goblins
  2 jackals (D:1)
  A kobold skeleton (D:6)
  10 rats
  A rat zombie (D:5)
149 creatures vanquished.

Vanquished Creatures (others)
  17 wolves
  A warg (D:11)
  6 ice beasts
  A slave (D:7)
  A centaur (D:7)
  7 crimson imps
  2 hounds
  2 iron imps
  2 shadow imps (D:11)
  3 white imps
  2 worms
  2 bats
  A hobgoblin (D:4)
  4 quokkas
  6 rats
57 creatures vanquished.

Grand Total: 343 creatures vanquished

Notes
Turn   | Place    | Note
--------------------------------------------------------------
     0 | D:1      | PolkaDot, the Vampire Summoner, began the quest for the Orb.
     0 | D:1      | Reached XP level 1. HP: 13/13 MP: 3/3
   471 | D:1      | Reached XP level 2. HP: 17/19 MP: 4/4
   988 | D:2      | Reached skill level 5 in Summonings
   988 | D:2      | Reached XP level 3. HP: 11/24 MP: 6/6
  1089 | D:2      | Learned a level 3 spell: Call Canine Familiar
  1143 | D:2      | Noticed Sigmund
  1182 | D:2      | Killed Sigmund
  1182 | D:2      | Reached XP level 4. HP: 30/30 MP: 3/7
  1751 | D:3      | Reached skill level 6 in Summonings
  1805 | D:3      | Found a white marble altar of Elyvilon.
  1851 | D:3      | Reached XP level 5. HP: 30/35 MP: 5/9
  2453 | D:4      | Learned a level 2 spell: Call Imp
  2575 | D:4      | Noticed an ogre
  2587 | D:4      | Killed an ogre
  2587 | D:4      | Reached skill level 7 in Summonings
  2694 | D:4      | Reached XP level 6. HP: 32/41 MP: 10/10
  2751 | D:4      | Found Saom's Assorted Antiques.
  2767 | D:4      | Bought a scroll labeled ETZEDDU TUAST for 26 gold pieces
  2767 | D:4      | Bought a fuming orange potion for 23 gold pieces
  2916 | D:4      | Noticed Eustachio
  2919 | D:4      | Found a sparkling altar of Nemelex Xobeh.
  2929 | D:4      | Killed Eustachio
  3080 | D:4      | Found Mogicsug's Weapon Shoppe.
  3231 | D:4      | Reached skill level 8 in Summonings
  3283 | D:4      | Paralysed by a giant eyeball for 4 turns
  3330 | D:4      | Found Chalitoj's Book Shop.
  3413 | D:4      | Noticed an ogre
  3422 | D:4      | Killed an ogre
  3655 | D:5      | Entered Level 5 of the Dungeon
  3707 | D:5      | Reached XP level 7. HP: 30/46 MP: 9/12
  3891 | D:5      | Found Ceuch's Antique Weapon Boutique.
  4203 | D:5      | Found Xaonaq's Book Shoppe.
  4491 | D:6      | Reached skill level 9 in Summonings
  4848 | D:6      | Learned a level 4 spell: Summon Ice Beast
  4916 | D:6      | Found Bevif's Antique Weapon Emporium.
  5304 | D:6      | Noticed Grinder
  5416 | D:6      | Killed Grinder
  5416 | D:6      | Reached skill level 10 in Summonings
  5416 | D:6      | Reached XP level 8. HP: 32/52 MP: 3/13
  5693 | D:7      | Found a staircase to the Ecumenical Temple.
  5726 | Temple   | Entered the Ecumenical Temple
  5962 | D:7      | Noticed Pikel
  5978 | D:7      | Killed Pikel
  5978 | D:7      | Reached skill level 11 in Summonings
  6160 | D:7      | Noticed Ijyb
  6181 | D:7      | Killed Ijyb
  6266 | D:7      | Reached skill level 12 in Summonings
  6272 | D:7      | Reached XP level 9. HP: 14/57 MP: 14/14
  6282 | D:7      | Gained mutation: You are weak. (Str -2) [potion of mutation]
  6282 | D:7      | Gained mutation: You can spit poison. [potion of mutation]
  6282 | D:7      | Gained mutation: You are very weak. (Str -4) [potion of mutation]
  6283 | D:7      | Lost mutation: You can spit poison. [potion of cure mutation]
  6283 | D:7      | Lost mutation: You are very weak. (Str -4) [potion of cure mutation]
  6283 | D:7      | Lost mutation: You are weak. (Str -2) [potion of cure mutation]
  6284 | D:7      | Gained mutation: You occasionally shout uncontrollably. [potion of mutation]
  6284 | D:7      | Gained mutation: You are dopey. (Int -2) [potion of mutation]
  6393 | D:7      | Noticed Crazy Yiuf
  6401 | D:7      | Killed Crazy Yiuf
  6589 | D:8      | Noticed Grum
  6801 | D:8      | Found a glowing golden altar of the Shining One.
  6805 | D:8      | Found a burning altar of Makhleb.
  6805 | D:8      | Found an ancient bone altar of Kikubaaqudgha.
  6812 | D:8      | Became a worshipper of Makhleb the Destroyer
  6825 | D:8      | Found a deep blue altar of Sif Muna.
  6829 | D:8      | Found a shattered altar of Ashenzari.
  7185 | D:8      | Found a glowing silver altar of Zin.
  7381 | D:8      | Reached skill level 13 in Summonings
  7583 | D:8      | Found a bloodstained altar of Trog.
  7872 | D:9      | Acquired Makhleb's first power
  7935 | D:9      | Found an iron altar of Okawaru.
  8027 | D:9      | Learned a level 2 spell: Blink
  8525 | D:10     | Entered Level 10 of the Dungeon
  8749 | D:11     | Reached skill level 14 in Summonings
  8749 | D:11     | Reached XP level 10. HP: 6/63 MP: 1/19
  8983 | D:11     | Noticed a cyclops
  8994 | D:11     | Killed a cyclops
  9285 | D:11     | Found a staircase to the Orcish Mines.
  9286 | D:11     | Noticed a komodo dragon
  9315 | D:11     | Killed a komodo dragon
  9559 | D:11     | Quit the game

Action                   |  1- 3 |  4- 6 |  7- 9 | 10-12 || total
-------------------------+-------+-------+-------+-------++-------
Melee: Dagger            |    51 |       |       |       ||    51
       Unarmed           |     4 |       |       |       ||     4
       Short sword       |    38 |   124 |       |       ||   162
       Cutlass           |       |   161 |   502 |    26 ||   689
 Cast: Summon Small Mamm |    16 |    11 |    16 |       ||    43
       Call Canine Famil |     1 |    14 |    32 |    11 ||    58
       Call Imp          |       |     4 |    22 |     4 ||    30
       Summon Ice Beast  |       |       |     7 |    10 ||    17
Evoke: Wand              |       |     1 |     2 |       ||     3
  Use: Potion            |     3 |     1 |    12 |     1 ||    17
       Scroll            |     2 |    14 |    14 |     1 ||    31
 Stab: Distracted        |     1 |     2 |    11 |       ||    14
       Sleeping          |       |    16 |     6 |     2 ||    24
